 Dungeon Crawl Stone Soup version 0.17.0-28-g6e173f8 (webtiles) character file.

221 plasmid the Ruffian (level 5, 50/50 HPs)
             Began as a Troll Monk on Dec 3, 2015.
             Was an Initiate of Qazlal.
             Quit the game in the Ecumenical Temple.
             The game lasted 00:24:52 (3242 turns).

plasmid the Ruffian (Troll Monk)                    Turns: 3242, Time: 00:24:52

Health: 50/50      AC:  5    Str: 20    XL:     5   Next: 65%
Magic:  4/4        EV: 10    Int:  6    God:    Qazlal [......]
Gold:   199        SH:  0    Dex: 12    Spells: 0 memorised, 4 levels left

rFire  . . .     SeeInvis .       - Unarmed
rCold  . . .     Clarity  .     a - +0 robe
rNeg   . . .     SustAt   .     (no shield)
rPois  .         Gourm    +     (helmet restricted)
rElec  .         Spirit   .     (no cloak)
rCorr  .         Warding  .     (gloves unavailable)
rMut   .         Stasis   .     (boots unavailable)
MR     .....                    (no amulet)
Stlth  +.........               (no ring)
                                (no ring)

@: not resistant to hostile enchantments, very unstealthy
A: unfitting armour, claws 3, fast metabolism 3, gourmand, regeneration 2,
shaggy fur 1, tough skin 2
a: Renounce Religion


You were in the Ecumenical Temple.
You worshipped Qazlal.
Qazlal was noncommittal.
You were very full.

You visited 2 branches of the dungeon, and saw 5 of its levels.

You collected 199 gold pieces.

Inventory:

Hand Weapons
 k - a +0 short sword
 m - a +0 whip
 p - a +0 club
 A - a cursed -1 hunting sling
 B - a +2 falchion of electrocution
 C - a +1 flail of holy wrath
Missiles
 d - 41 stones (quivered)
 n - 40 arrows
 s - 6 needles of slowing
 t - 14 arrows of frost
 v - 12 tomahawks
 D - 17 poisoned needles
Armour
 a - a +0 robe (worn)
 j - a cursed -1 leather armour
Scrolls
 e - 2 scrolls of enchant weapon {unknown}
 f - 4 scrolls of identify
 g - a scroll of immolation
 h - a scroll of noise {unknown}
 i - 2 scrolls of teleportation
 l - a scroll of enchant armour {unknown}
 y - a scroll of amnesia {unknown}
Potions
 c - 2 potions of lignification
 o - a potion of resistance {unknown}
 q - 2 potions of brilliance
 r - a potion of haste
 x - a potion of degeneration {unknown}
 z - a potion of beneficial mutation {unknown}
 E - a potion of magic {unknown}
Comestibles
 b - 4 bread rations
 u - 3 fruits
 w - a chunk of flesh


   Skills:
 - Level 2.4 Fighting
 + Level 3.0 Dodging
 - Level 1.1 Stealth
 * Level 6.6 Unarmed Combat


You had 4 spell levels left.
You didn't know any spells.

Dungeon Overview and Level Annotations

Branches:
Dungeon (4/15)             Temple (1/1) D:4

Altars:
Ashenzari
Cheibriados
Dithmenos
Elyvilon
Fedhas
Kikubaaqudgha
Makhleb
Nemelex Xobeh
Okawaru
Qazlal
Trog
Vehumet
Xom
Zin
The Shining One

Shops:
D:4 *


Innate Abilities, Weirdness & Mutations

You are too large for most types of armour.
You have claws for hands.
Your metabolism is lightning-fast.
You like to eat raw meat.
You heal very quickly.
You are covered in fur (AC +1).
You have very tough skin (AC +2).


Message History

There is a staircase back to the Dungeon here.
Found a shadowy altar of Dithmenos and a stormy altar of Qazlal.
There is a glowing silver altar of Zin here.
Found a blossoming altar of Fedhas and a burning altar of Makhleb.
Found a white marble altar of Elyvilon.
Found a snail-covered altar of Cheibriados.
There is a stormy altar of Qazlal here.
Found a radiant altar of Vehumet.
Some of the chunks of flesh in your inventory have rotted away.
There is a radiant altar of Vehumet here.
There is a stormy altar of Qazlal here.
There is a stormy altar of Qazlal here.
You aren't carrying any items that can be evoked.
You kneel at the altar of Qazlal.
You have lost your religion!
Okawaru does not appreciate desertion!
Qazlal welcomes you!
Qazlal grants you immunity to your own clouds.
Unknown command.
Are you sure you want to abandon this character and quit the game? (Confirm with "yes".)

...........................
.............§.§...........
..................._.......
............_............._
...........................
...........................
§..........................
§≈....._.......@......._...
§≈≈........................
§§≈.......................
§≈≈≈.§....................
≈≈≈≈≈............._.......
§≈≈≈≈§≈..._................
≈§≈≈≈≈§≈...................
≈≈≈≈≈≈≈≈≈..................
...._....._....


There were no monsters in sight!

Vanquished Creatures
  An orc priest (D:3)
  Terence (D:3)
  An orc wizard (D:3)
  A hound skeleton (D:4)
  2 adders (D:2)
  2 oozes
  2 worms
  15 orcs
  5 goblins
  3 hobgoblins
  8 jackals (D:2)
  8 kobolds
  2 quokkas
  2 ball pythons
  8 bats
  2 giant cockroaches
  6 giant geckos
  4 giant newts
  8 rats
  A butterfly (D:4)
82 creatures vanquished.

Notes
Turn   | Place    | Note
--------------------------------------------------------------
     0 | D:1      | plasmid the Troll Monk began the quest for the Orb.
     0 | D:1      | Reached XP level 1. HP: 22/22 MP: 0/0
   349 | D:1      | Reached XP level 2. HP: 27/29 MP: 1/1
   961 | D:2      | Reached skill level 5 in Unarmed Combat
   961 | D:2      | Reached XP level 3. HP: 23/36 MP: 2/2
  1542 | D:2      | Reached XP level 4. HP: 34/44 MP: 3/3
  2102 | D:2      | Found a shimmering altar of Xom.
  2103 | D:2      | Found a sparkling altar of Nemelex Xobeh.
  2129 | D:2      | Found an ancient bone altar of Kikubaaqudgha.
  2138 | D:2      | Found a bloodstained altar of Trog.
  2310 | D:3      | Found a shattered altar of Ashenzari.
  2416 | D:3      | Found an iron altar of Okawaru.
  2454 | D:3      | Became a worshipper of Warmaster Okawaru
  2454 | D:3      | Reached * piety under Okawaru
  2454 | D:3      | Reached ** piety under Okawaru
  2714 | D:3      | Reached skill level 6 in Unarmed Combat
  2721 | D:3      | Reached XP level 5. HP: 21/50 MP: 1/4
  2852 | D:3      | Noticed Terence
  2866 | D:3      | Killed Terence
  3039 | D:4      | Found Huodwuz's Assorted Antiques.
  3183 | D:4      | Found a staircase to the Ecumenical Temple.
  3207 | Temple   | Entered the Ecumenical Temple
  3241 | Temple   | Fell from the grace of Okawaru
  3241 | Temple   | Became a worshipper of Qazlal Stormbringer
  3242 | Temple   | Quit the game

Action                   |  1- 3 |  4- 6 || total
-------------------------+-------+-------++-------
Melee: Unarmed           |    97 |   110 ||   207
Invok: Heroism           |       |     1 ||     1
  Use: Scroll            |     3 |       ||     3
       Potion            |       |     4 ||     4
 Stab: Sleeping          |     2 |       ||     2
  Eat: Chunk             |    15 |    18 ||    33
